 Dungeon Crawl Stone Soup version 0.22-a0-192-g6ffc940 (webtiles) character file.

462 varam the Ruffian (level 6, -2/44 HPs)
             Began as a Demonspawn Gladiator on Feb 16, 2018.
             Was a Follower of Makhleb.
             Slain by a sky beast (3 damage)
             ... on level 5 of the Dungeon on Feb 17, 2018.
             The game lasted 00:10:16 (4061 turns).

varam the Ruffian (Demonspawn Gladiator)            Turns: 4061, Time: 00:10:16

Health: -2/44      AC:  3    Str: 15    XL:     6   Next: 79%
Magic:  9/9        EV: 13    Int: 11    God:    Makhleb [*.....]
Gold:   237        SH:  0    Dex: 14    Spells: 5/5 levels left

rFire    + . .     SeeInvis .     - Unarmed
rCold    x . .     Gourm    .   (no shield)
rNeg     . . .     Faith    +   t - +0 robe (curse)
rPois    .         Spirit   .   c - +0 helmet
rElec    .         Reflect  .   (no cloak)
rCorr    .         Harm     .   (no gloves)
MR       +....                  (no boots)
Stlth    +.........             l - amulet of faith
HPRegen  0.14/turn              v - ring of fire
MPRegen  0.11/turn              w - ring of protection from magic

@: flying
A: claws 1, powered by pain 1, rot immunity, sturdy frame 1
a: Renounce Religion


You were on level 5 of the Dungeon.
You worshipped Makhleb.
Makhleb was aware of your devotion.
You were not hungry.

You visited 1 branch of the dungeon, and saw 5 of its levels.

You collected 237 gold pieces.

Inventory:

Hand Weapons
 a - a +1 quarterstaff
 o - a +0 hunting sling
Missiles
 d - 2 throwing nets (quivered)
 z - 18 sling bullets
Armour
 b - a +0 leather armour
 c - a +0 helmet (worn)
 t - a cursed +0 robe (worn)
Jewellery
 l - an amulet of faith (around neck)
 v - a ring of fire (left claw)
 w - a ring of protection from magic (right claw)
Wands
 p - a wand of clouds (5)
 q - a wand of random effects (19)
 r - a wand of acid (6)
 y - a wand of polymorph (10)
 C - a wand of flame (13)
Scrolls
 e - 5 scrolls of identify {unknown}
 g - 2 scrolls of remove curse {unknown}
 h - a scroll of blinking {unknown}
 i - a scroll of teleportation {unknown}
 j - a scroll of noise {unknown}
 n - 2 scrolls of amnesia {unknown}
 s - a scroll of immolation {unknown}
 u - a scroll of enchant armour {unknown}
 x - a scroll of magic mapping {unknown}
Potions
 B - a potion of might {unknown}
Books
 m - a book of Changes

   Spells                             Type                      Level
   a - Beastly Appendage              Transmutation                1
   b - Sticks to Snakes               Transmutation                2
   c - Spider Form                    Transmutation/Poison         3
   d - Ice Form                       Ice/Transmutation            4
   e - Blade Hands                    Transmutation                5
Comestibles
 f - 7 rations


   Skills:
 - Level 2.0 Fighting
 - Level 3.1 Staves
 - Level 1.8 Throwing
 - Level 3.0 Dodging
 + Level 5.0 Unarmed Combat
 + Level 4.4 Invocations


You had 5 spell levels left.
You didn't know any spells.

Dungeon Overview and Level Annotations

Branches:
Dungeon (5/15)             Temple (0/1) D:5

Altars:
Elyvilon
Gozag
Makhleb
Nemelex Xobeh
Okawaru
Vehumet
Zin
The Shining One


Innate Abilities, Weirdness & Mutations

You have sharp fingernails.
You sometimes gain a little power by taking damage.
You are immune to rotting.
Your movements are slightly less encumbered by armour. (ER -2)


Message History

You claw the sky beast, but do no damage.
You scratch the sky beast.
The sky beast is lightly wounded.
The sky beast hits you. The sky beast shocks you.
* * * LOW HITPOINT WARNING * * *
You closely miss the sky beast.
The sky beast is lightly wounded.
The sky beast flickers out of sight!
Deactivating autopickup; reactivate with Ctrl-A.
Something hits you.
* * * LOW HITPOINT WARNING * * *
Something shocks you.
* * * LOW HITPOINT WARNING * * *
As you read the scroll labeled MEGOICHO JAAPO, it crumbles to dust.
It is a scroll of enchant weapon.
Your +0 quarterstaff glows red for a moment.
A sky beast appears from thin air!
Reactivating autopickup.
The sky beast hits you.
You die...

#..# ########.#.# #.# #...
#..####........#.# #.###.##
#..............#.###.....##
#..###...######.............
#.# #......................
#. #...########.#####.####
#. ##..#### #.# #..... #.
#.....# #.# ###### #.###@#
#.# #.# #Y# #.# #.# #.# #.#
... ... #####.## #.# #.# ...
...


You could see a sky beast.

Vanquished Creatures
  A sky beast (D:5)
  An ogre (D:5)
  A howler monkey (D:3)
  A crimson imp (D:3)
  A hound (D:4)
  A worker ant (D:4)
  A worker ant zombie (D:5)
  4 gnolls (D:4)
  3 adders
  An ooze (D:4)
  2 adder skeletons
  2 worms
  A dart slug (D:1)
  3 leopard geckos
  3 orcs (D:4)
  2 ball pythons
  3 giant cockroaches
  4 goblins
  4 hobgoblins
  2 jackals (D:3)
  5 kobolds (D:1)
  4 quokkas
  A ball python skeleton (D:4)
  5 bats
  A frilled lizard (D:3)
  2 leopard gecko skeletons
  3 rats (D:2)
62 creatures vanquished.

Notes
Turn   | Place    | Note
-------+----------+-------------------------------------------
     0 | D:1      | varam the Demonspawn Gladiator began the quest for the Orb.
     0 | D:1      | Reached XP level 1. HP: 16/16 MP: 1/1
   139 | D:1      | Reached skill level 3 in Staves
   140 | D:1      | Gained mutation: You have sharp fingernails. [demonic ancestry]
   140 | D:1      | Reached XP level 2. HP: 18/22 MP: 2/2
   172 | D:1      | You fall through a shaft!
   584 | D:1      | Reached skill level 3 in Dodging
   887 | D:1      | Reached skill level 1 in Unarmed Combat
   997 | D:2      | Gained mutation: You sometimes gain a little power by taking damage. [demonic ancestry]
   997 | D:2      | Reached XP level 3. HP: 26/27 MP: 3/3
  1027 | D:2      | Found a sparkling altar of Nemelex Xobeh.
  1027 | D:2      | Found a glowing silver altar of Zin.
  1185 | D:2      | Found an iron altar of Okawaru.
  1766 | D:3      | Reached skill level 2 in Unarmed Combat
  2086 | D:3      | Found a faded altar of an unknown god.
  2143 | D:3      | Reached skill level 3 in Unarmed Combat
  2143 | D:3      | Gained mutation: Your movements are slightly less encumbered by armour. (ER -2) [demonic ancestry]
  2143 | D:3      | Reached XP level 4. HP: 33/33 MP: 4/4
  2313 | D:3      | Found a radiant altar of Vehumet.
  2314 | D:3      | Found a burning altar of Makhleb.
  2373 | D:3      | Gained mutation: You are immune to rotting. [demonic ancestry]
  2373 | D:3      | Reached XP level 5. HP: 33/38 MP: 5/5
  2386 | D:3      | Became a worshipper of Makhleb the Destroyer
  2653 | D:4      | Reached skill level 1 in Invocations
  2705 | D:4      | Found an opulent altar of Gozag.
  2715 | D:4      | Reached skill level 4 in Unarmed Combat
  2715 | D:4      | Reached skill level 2 in Invocations
  2923 | D:4      | Found a glowing golden altar of the Shining One.
  2945 | D:4      | Found a white marble altar of Elyvilon.
  3114 | D:4      | Noticed a phantom
  3166 | D:5      | Entered Level 5 of the Dungeon
  3167 | D:5      | Found a staircase to the Ecumenical Temple.
  3192 | D:5      | Reached * piety under Makhleb
  3252 | D:5      | Noticed an ogre
  3256 | D:5      | Killed an ogre
  3256 | D:5      | Reached skill level 3 in Invocations
  3256 | D:5      | Reached XP level 6. HP: 7/44 MP: 8/8
  3419 | D:5      | Noticed a sky beast
  3715 | D:5      | HP: 2/44 [sky beast (6)]
  3716 | D:5      | Killed a sky beast
  3716 | D:5      | Reached skill level 4 in Invocations
  4040 | D:5      | Reached skill level 5 in Unarmed Combat
  4049 | D:5      | Noticed a sky beast
  4060 | D:5      | HP: 1/44 [something (6)]
  4061 | D:5      | Slain by a sky beast

Vault maps used:
D:1:      saegor_arrival_simple_f, minivault_23
D:2:      gammafunk_temple_overflow_statue, first_ration,
          minmay_misc_feat_nine_boxes, okawaru_gym_becter
D:3:      grunt_temple_overflow_lords_of_destruction,
          chequers_ecumenical_altar_simple_redux
D:4:      tso_oasis_becter, nicolae_gozag_cash_rules_everything_around_me,
          elyvilon_altar_3, minmay_item_behind_shaft, grunt_dithmenos_shadows
D:5:      temple_statues, portal_sewer_entry_f, basic_altar

Skill      XL: |  1  2  3  4  5  6 |
---------------+-------------------+-----
Staves         | 3 |  3.1
Dodging        | 3 |  3.0
Unarmed Combat | 1 3 4 5 |  5.0
Invocations    | 3 4 |  4.4
Fighting       | |  2.0
Throwing       | |  1.8

Action                   |  1- 3 |  4- 6 || total
-------------------------+-------+-------++-------
Melee: Quarterstaff      |    76 |       ||    76
       Unarmed           |    36 |   168 ||   204
       Punch             |       |     3 ||     3
Throw: Throwing net      |     1 |       ||     1
  Use: Potion            |       |     3 ||     3
       Scroll            |       |     1 ||     1
 Stab: Sleeping          |     1 |     2 ||     3
  Eat: Chunk             |     4 |     6 ||    10
Armor: Leather armour    |    34 |       ||    34
       Robe              |     1 |    21 ||    22
       Skin              |       |     2 ||     2
Dodge: Dodged            |   111 |    75 ||   186

Table legend:
 A = Spawn XP
 B = Non-spawn XP
 C = Spawn XP percentage of total XP
 D = Spawn monster count
 E = Non-spawn monster count
 F = Spawn count percentage of total count
 G = Total turns spent on level
                    A         B        C        D         E        F      G
               +---------+---------+-------+---------+---------+-------+---------
         Total |       0 |     660 |   0.0 |       0 |      62 |   0.0 |  4061
               +---------+---------+-------+---------+---------+-------+---------
           D:1 |       0 |      34 |   0.0 |       0 |      17 |   0.0 |   783
           D:2 |       0 |      33 |   0.0 |       0 |      11 |   0.0 |   879
           D:3 |       0 |     135 |   0.0 |       0 |      10 |   0.0 |  1076
           D:4 |       0 |     163 |   0.0 |       0 |      16 |   0.0 |   688
           D:5 |       0 |     295 |   0.0 |       0 |       8 |   0.0 |   635
               +---------+---------+-------+---------+---------+-------+---------
